 Dungeon Crawl Stone Soup version 0.19-a0-1886-gd64a0f0 (webtiles) character file.

156 JeffiDaFish the Sneak (level 5, -9/36 HPs)
             Began as a Vampire Enchanter on Oct 16, 2016.
             Killed by divine providence
             ... invoked by an orc priest
              (10 damage)
             ... on level 2 of the Dungeon.
             The game lasted 00:06:57 (2506 turns).

JeffiDaFish the Sneak (Vampire Enchanter)           Turns: 2506, Time: 00:06:57

Health: -9/36      AC:  3    Str:  8    XL:     5   Next: 15%
Magic:  5/8        EV: 13    Int: 17    God:
Gold:   141        SH:  0    Dex: 15    Spells: 2 memorised, 5 levels left

rFire  . . .     SeeInvis +     a - +1 dagger
rCold  . . .     Gourm    .     b - +1 robe
rNeg   + . .     Faith    .     (no shield)
rPois  .         Spirit   .     (no helmet)
rElec  .         Dismiss  .     (no cloak)
rCorr  .         Reflect  .     (no gloves)
MR     .....     Harm     .     (no boots)
Stlth  +++.......               (no amulet)
                                (no ring)
                                (no ring)

@: no status effects
A: fangs 3, see invisible, unbreathing
a: Bat Form


You were on level 2 of the Dungeon.
You were not thirsty.

You visited 1 branch of the dungeon, and saw 2 of its levels.

You collected 141 gold pieces.

Inventory:

Hand Weapons
 a - a +1 dagger (weapon)
Armour
 b - a +1 robe (worn)
Scrolls
 e - a scroll of teleportation
 g - a scroll of identify
Potions
 d - 18 potions of blood
Books
 c - a book of Maledictions

   Spells                             Type                      Level
   a - Corona                         Hexes                        1
   b - Ensorcelled Hibernation        Hexes/Ice                    2
   c - Confuse                        Hexes                        3
   d - Tukima's Dance                 Hexes                        3
   e - Dazzling Spray                 Conjuration/Hexes            3


   Skills:
 + Level 0.8 Fighting
 + Level 2.5 Short Blades
 + Level 2.9 Dodging
 + Level 6.2 Stealth
 + Level 2.4 Spellcasting
 + Level 5.3 Hexes
 + Level 0.4 Ice Magic


You had 5 spell levels left.
You knew the following spells:

 Your Spells              Type           Power        Failure   Level  Hunger
a - Corona                Hex            ###....      2%          1    #......
b - Ensorcelled Hibernat  Hex/Ice        ##....       12%         2    ##.....


Dungeon Overview and Level Annotations

Branches:
Dungeon (2/15)

Altars:


Innate Abilities, Weirdness & Mutations

You have razor-sharp teeth.
You have supernaturally acute eyesight. (SInv)
You can survive without breathing.


Message History

The orc priest casts a cantrip, but nothing happens.
You barely miss the orc.
The orc is heavily wounded.
The orc misses you.
The orc priest calls upon Beogh to heal the orc.
The orc's wounds heal themselves!
You hit the orc but do no damage. Your bite misses the orc.
The orc hits you with a trident.
* * * LOW HITPOINT WARNING * * *
You barely miss the orc.
The orc priest casts a cantrip, but nothing happens.
The orc hits you with a trident!
* * * LOW HITPOINT WARNING * * *
You barely miss the orc. You hit the orc.
The orc is moderately wounded.
The orc closely misses you.
The orc priest mumbles some strange prayers to Beogh against you.
Beogh smites you!
You die...

#...###.#########...........# #.
#>.>.................######.# ##
#.#.###.##...%.##..#### #.#
##.#.# #...............# #.#
...#.# ####.....##..##.# #.#
#..#.# #...#.#.###..##†# #.# #
.....###.K.#.#.# #..##.# #.# #
#..............###..##.# #.# #
#..##.........oo@>..##.#####.####
#.............#####..)...)....<##
#.###.........# ############.##
#.# ####...#... #.# #.# #...#..##
#.# #.## #...#..# #.# ...#
##.....# #.# #..# #. ##########
#.# ##.# ##≈≈≈≈≈≈≈≈## #.#


You could see an orc priest, an orc and a kobold (wandering).

Vanquished Creatures
  7 adders (D:2)
  3 gnolls (D:2)
  A dart slug (D:1)
  2 orcs (D:2)
  7 bats
  5 giant cockroaches
  5 goblins
  8 hobgoblins
  2 quokkas (D:2)
  8 frilled lizards
  6 kobolds
  14 rats
68 creatures vanquished.

Vanquished Creatures (others)
  5 toadstools (D:1)
5 creatures vanquished.

Grand Total: 73 creatures vanquished

Notes
Turn   | Place    | Note
-------+----------+-------------------------------------------
     0 | D:1      | JeffiDaFish the Vampire Enchanter began the quest for the Orb.
     0 | D:1      | Reached XP level 1. HP: 13/13 MP: 3/3
   152 | D:1      | Reached XP level 2. HP: 19/19 MP: 5/5
   156 | D:1      | Learned a level 2 spell: Ensorcelled Hibernation
   250 | D:1      | Reached skill level 5 in Hexes
   749 | D:2      | Reached XP level 3. HP: 24/24 MP: 6/6
   816 | D:2      | Reached skill level 5 in Stealth
  1402 | D:2      | Reached XP level 4. HP: 30/30 MP: 7/7
  1669 | D:2      | Reached skill level 6 in Stealth
  2288 | D:2      | Reached XP level 5. HP: 33/36 MP: 1/8
  2504 | D:2      | HP: 1/36 [orc/trident (8)]
  2506 | D:2      | Killed from afar by an orc priest

Vault maps used:
D:1:      ldierk_walled_garden, minmay_rat_gold_closets
D:2:      kennysheep_big_flooded_room, first_bread, minmay_shallow_snake_nest

Skill      XL: |  1  2  3  4 |
---------------+-------------+-----
Hexes          | 5 |  5.3
Stealth        | 5 6 |  6.2
Short Blades   | 2 |  2.5
Fighting       | |  0.8
Dodging        | |  2.9
Spellcasting   | |  2.4
Ice Magic      | |  0.4

Action                   |  1- 3 |  4- 6 || total
-------------------------+-------+-------++-------
Melee: Dagger            |   100 |   150 ||   250
       Bite              |     7 |     8 ||    15
 Cast: Ensorcelled Hiber |     1 |    10 ||    11
  Use: Scroll            |     5 |       ||     5
       Potion            |     3 |     5 ||     8
 Stab: Sleeping          |    13 |     7 ||    20
Armor: Robe              |    20 |    23 ||    43
Dodge: Dodged            |    68 |    94 ||   162
